 Dungeon Crawl Stone Soup version 0.27-a0-29-g2d0a2396b0 (webtiles) character file.

Game seed: 11868169766377743442

709 gruber the Covered (level 7, 0/53 HPs)
             Began as a Gnoll Wanderer on Jan 3, 2021.
             Succumbed to a water moccasin's poison
             ... on level 5 of the Dungeon.
             The game lasted 00:06:01 (5974 turns).

gruber the Covered (Gnoll Wanderer)                 Turns: 5974, Time: 00:06:02

Health: 0/53       AC:  9    Str: 13    XL:     7   Next: 68%
Magic:  21/21      EV: 11    Int: 18    God:
Gold:   257        SH:  0    Dex: 14    Spells: 13/13 levels left

rFire    . . .     SeeInvis .   x - +4 short sword
rCold    . . .     Faith    .   (no shield)
rNeg     + . .     Spirit   .   c - +0 ring mail
rPois    .         Reflect  .   t - +2 hat
rElec    .         Harm     .   E - +0 cloak
rCorr    .         Rampage  .   (no gloves)
Will     .....                  (no boots)
Stlth    ++........             g - amulet of magic regeneration
HPRegen  0.17/turn              h - ring of positive energy
MPRegen  0.42/turn              v - ring of magical power

@: lethally poisoned (0 -> -6)
A: distributed training, fangs 1, strong nose
a: no special abilities


You were on level 5 of the Dungeon.
You visited 1 branch of the dungeon, and saw 5 of its levels.

You collected 257 gold pieces.

Inventory:

Hand Weapons
 d - a +0 hand crossbow
 x - a +4 short sword (weapon)
Missiles
 e - 82 bolts
 n - 19 poisoned darts (quivered)
Armour
 c - a +0 ring mail (worn)
 t - a +2 hat (worn)
 E - a +0 cloak (worn)
Jewellery
 g - an amulet of magic regeneration (around neck)
 h - a ring of positive energy (left hand)
 v - a ring of magical power (right hand)
Wands
 r - a wand of flame (11)
 B - a wand of random effects (9)
Scrolls
 a - a scroll of amnesia
 f - 2 scrolls of identify
 i - a scroll of enchant weapon
 k - 2 scrolls of fog {unknown}
 p - 2 scrolls of remove curse
 q - a scroll of enchant armour {unknown}
 w - 3 scrolls of fear {unknown}
 y - a scroll of teleportation {unknown}
 A - a scroll of magic mapping {unknown}
Potions
 b - a potion of heal wounds
 j - 4 potions of curing
 l - a potion of magic {unknown}
 m - a potion of resistance {unknown}
 o - a potion of flight {unknown}
 s - 2 potions of lignification {unknown}
 u - 2 potions of might {unknown}
 z - a potion of attraction {unknown}
 C - a potion of haste {unknown}
 D - a potion of cancellation {unknown}


   Skills:
 + Level 3.7 Fighting
 + Level 2.6 Short Blades
 + Level 2.6 Long Blades
 + Level 2.6 Axes
 + Level 2.6 Maces & Flails
 + Level 2.6 Polearms
 + Level 2.6 Staves
 + Level 2.6 Slings
 + Level 2.6 Bows
 + Level 5.3 Crossbows
 + Level 2.6 Throwing
 + Level 5.3 Armour
 + Level 2.6 Dodging
 + Level 3.6 Stealth
 + Level 3.7 Shields
 + Level 2.6 Unarmed Combat
 + Level 3.9 Spellcasting
 + Level 2.1 Conjurations
 + Level 2.1 Hexes
 + Level 2.1 Summonings
 + Level 2.1 Necromancy
 + Level 2.1 Translocations
 + Level 2.1 Transmutations
 + Level 2.1 Fire Magic
 + Level 2.1 Ice Magic
 + Level 2.1 Air Magic
 + Level 2.1 Earth Magic
 + Level 4.4 Poison Magic
 + Level 2.9 Invocations
 + Level 2.6 Evocations


You had 13 spell levels left.
You didn't know any spells.
Your spell library was empty.

Dungeon Overview and Level Annotations

Branches:
Dungeon (5/15)
 Temple: D:4-7

Altars:
Cheibriados
Okawaru


Innate Abilities, Weirdness & Mutations

Your experience applies equally to all skills.
You have very sharp teeth.
Your uncanny sense of smell can sniff out nearby items.


Message History

You feel sick. The water moccasin closely misses you.
The water moccasin misses you.
You hit the water moccasin.
You kill the water moccasin!
You feel sick.
You feel sick.
You feel sick.
You feel sick. The troll bites you!
* * * LOW HITPOINT WARNING * * *
The troll misses you. The troll claws you.
* * * LOW HITPOINT WARNING * * *
* * * LOW HITPOINT WARNING * * *
You feel sick.
* * * LOW HITPOINT WARNING * * *
You feel sick.
There is a stone staircase leading down here.
* * * LOW HITPOINT WARNING * * *
You feel sick.
You die...

...#...#.# #.# #
#...#.S## #.#
..#..#.# #.#
#..#...####.####
#............Z(..#
#
............(S##.#
#
################.#
# #..T.S..# #
#@####### ##.# #.#
..# #.# ##.# #.#
#.# #.# # #.# #
#.# ### #.#


You could see a troll and an adder.

Vanquished Creatures
  A water moccasin (D:5)
  A scorpion (D:5)
  2 howler monkeys
  A bullfrog skeleton (D:4)
  A bullfrog zombie (D:5)
  A hound (D:4)
  4 orc wizards
  Ijyb (D:4)
  A worker ant (D:5)
  9 adders
  An ooze (D:1)
  3 worms
  2 dart slugs
  2 leopard geckos (D:1)
  17 orcs
  4 ball pythons
  7 giant cockroaches
  11 goblins
  11 hobgoblins
  13 jackals
  9 kobolds
  A quokka (D:2)
  5 bats
  5 frilled lizards
  A jackal skeleton (D:4)
  A quokka skeleton (D:5)
  3 rats
118 creatures vanquished.

Notes
Turn   | Place    | Note
-------+----------+-------------------------------------------
     0 | D:1      | gruber the Gnoll Wanderer began the quest for the Orb.
     0 | D:1      | gruber set off with the following items: a +2 dagger, a
                  | potion of heal wounds, a +0 ring mail, a +0 hand crossbow,
                  | 28 bolts
     0 | D:1      | Reached XP level 1. HP: 17/17 MP: 4/4
   226 | D:1      | Reached XP level 2. HP: 20/23 MP: 5/5
   722 | D:1      | Reached XP level 3. HP: 22/28 MP: 7/7
   924 | D:1      | Reached skill level 1 in Invocations
  1531 | D:2      | Reached skill level 1 in Short Blades
  1531 | D:2      | Reached skill level 1 in Long Blades
  1531 | D:2      | Reached skill level 1 in Axes
  1531 | D:2      | Reached skill level 1 in Maces & Flails
  1531 | D:2      | Reached skill level 1 in Polearms
  1531 | D:2      | Reached skill level 1 in Staves
  1531 | D:2      | Reached skill level 1 in Slings
  1531 | D:2      | Reached skill level 1 in Bows
  1531 | D:2      | Reached skill level 1 in Throwing
  1531 | D:2      | Reached skill level 1 in Dodging
  1531 | D:2      | Reached skill level 1 in Unarmed Combat
  1531 | D:2      | Reached skill level 1 in Evocations
  1839 | D:2      | Found a snail-covered altar of Cheibriados.
  1852 | D:2      | Reached XP level 4. HP: 34/34 MP: 8/8
  2561 | D:2      | Reached skill level 1 in Conjurations
  2561 | D:2      | Reached skill level 1 in Hexes
  2561 | D:2      | Reached skill level 1 in Summonings
  2561 | D:2      | Reached skill level 1 in Necromancy
  2561 | D:2      | Reached skill level 1 in Translocations
  2561 | D:2      | Reached skill level 1 in Transmutations
  2561 | D:2      | Reached skill level 1 in Fire Magic
  2561 | D:2      | Reached skill level 1 in Ice Magic
  2561 | D:2      | Reached skill level 1 in Air Magic
  2561 | D:2      | Reached skill level 1 in Earth Magic
  3060 | D:2      | Reached XP level 5. HP: 30/40 MP: 9/9
  4342 | D:4      | Reached XP level 6. HP: 42/47 MP: 11/11
  4458 | D:4      | Reached skill level 5 in Crossbows
  4458 | D:4      | Reached skill level 5 in Armour
  4515 | D:4      | Found an iron altar of Okawaru.
  4686 | D:4      | Noticed Ijyb
  4720 | D:4      | Killed Ijyb
  5341 | D:5      | Entered Level 5 of the Dungeon
  5421 | D:5      | Reached XP level 7. HP: 41/52 MP: 12/12
  5664 | D:5      | HP: 2/52 [scorpion (4)]
  5955 | D:5      | Noticed a troll
  5971 | D:5      | HP: 2/53 [poisoned by a water moccasin]
  5974 | D:5      | Succumbed to a water moccasin's poison

Illustrated notes

Levels and vault maps discovered:
D:1:      psy_arrival_whirlpool, layout_loops_ring
D:2:      minmay_chambers_of_twos, layout_basic, cheibriados_altar_1
D:3:      layout_loops_corners, kennysheep_cross_bottleneck
D:4:      layout_gridville, kennysheep_okawaru_gauntlet, grunt_decor_arrowhead,
          item_on_display_a, uniq_ijyb
D:5:      layout_loops_ring, nicolae_tso_swordbearing_angel, marbit_many_paths,
          serial_shops, shop, hex_large, minmay_misc_feat_square, uniq_sigmund,
          uniq_edmund

Skill      XL: |  1  2  3  4  5  6  7 |
---------------+----------------------+-----
Invocations    | 1 2 |  2.9
Short Blades   | 1 2 |  2.6
Long Blades    | 1 2 |  2.6
Axes           | 1 2 |  2.6
Maces & Flails | 1 2 |  2.6
Polearms       | 1 2 |  2.6
Staves         | 1 2 |  2.6
Slings         | 1 2 |  2.6
Bows           | 1 2 |  2.6
Throwing       | 1 2 |  2.6
Dodging        | 1 2 |  2.6
Unarmed Combat | 1 2 |  2.6
Evocations     | 1 2 |  2.6
Spellcasting   | 3 |  3.9
Conjurations   | 1 2 |  2.1
Hexes          | 1 2 |  2.1
Summonings     | 1 2 |  2.1
Necromancy     | 1 2 |  2.1
Translocations | 1 2 |  2.1
Transmutations | 1 2 |  2.1
Fire Magic     | 1 2 |  2.1
Ice Magic      | 1 2 |  2.1
Air Magic      | 1 2 |  2.1
Earth Magic    | 1 2 |  2.1
Fighting       | 3 |  3.7
Shields        | 3 |  3.7
Poison Magic   | 4 |  4.4
Stealth        | 3 |  3.6
Crossbows      | 5 |  5.3
Armour         | 5 |  5.3

Action                   |  1- 3 |  4- 6 |  7- 9 || total
-------------------------+-------+-------+-------++-------
Melee: Dagger            |   139 |    67 |       ||   206
       Bite              |    14 |    26 |     2 ||    42
       Punch             |     1 |       |     1 ||     2
       Short sword       |       |   159 |    54 ||   213
 Fire: Hand crossbow     |     6 |       |       ||     6
Throw: Dart              |    18 |    81 |    12 ||   111
Evoke: Wand              |       |     1 |     4 ||     5
  Use: Scroll            |       |     4 |       ||     4
       Potion            |       |       |     2 ||     2
 Stab: Sleeping          |     4 |     4 |       ||     8
Armor: Ring mail         |    63 |   137 |    29 ||   229
Dodge: Dodged            |    60 |   163 |    36 ||   259

Table legend: (Time is in decaauts)
 A = Elapsed time spent in this place.
 B = Non-inter-level travel time spent in this place.
 C = Inter-level travel time spent in this place.
 D = Time resting spent in this place.
 E = Time spent auto-exploring this place.
 F = Levels seen in this place.
 G = Mean time per level.
                   A        B        C        D        E       F      G
               +--------+--------+--------+--------+--------+-----+--------+
         Total |   5971 |   5804 |    167 |      0 |   4709 |   5 | 1194.2 |
       Dungeon |   5971 |   5804 |    167 |      0 |   4709 |   5 | 1194.2 |
               +--------+--------+--------+--------+--------+-----+--------+

Top non-repeatable levels by time:
     D:2: 1988 daAuts
     D:1: 1246 daAuts
     D:4: 1067 daAuts
     D:3: 1039 daAuts
     D:5: 630 daAuts
